 Dungeon Crawl Stone Soup version 0.27-a0-1200-g94dc6ad4cf (webtiles) character file.

Game seed: 10814554677396995813

8 MacCMillion the Conjurer (level 2, -1/20 HPs)
             Began as a Draconian Conjurer on May 30, 2021.
             Was a Follower of Fedhas.
             Frozen to death by an endoplasm (4 damage)
             ... on level 1 of the Dungeon.
             The game lasted 00:01:40 (430 turns).

MacCMillion the Conjurer (Draconian Conjurer)        Turns: 430, Time: 00:01:41

Health: -1/20      AC:  4    Str:  9    XL:     2   Next: 0%
Magic:  5/5        EV: 12    Int: 18    God:    Fedhas [*.....]
Gold:   12         SH:  0    Dex:  9    Spells: 4/5 levels left

rFire    . . .     SeeInvis .   b - +0 dagger
rCold    . . .     Faith    .   (no shield)
rNeg     . . .     Spirit   .   (armour unavailable)
rPois    .         Reflect  .   (helmet restricted)
rElec    .         Harm     .   (no cloak)
rCorr    .         Rampage  .   (no gloves)
Will     .....                  (no boots)
Stlth    ++........             (no amulet)
HPRegen  0.06/turn              (no ring)
MPRegen  0.09/turn              (no ring)

@: no status effects
A: AC +4, unfitting armour, cold-blooded
a: Renounce Religion


You were on level 1 of the Dungeon.
You worshipped Fedhas.
Fedhas was aware of your devotion.
You visited 1 branch of the dungeon, and saw 1 of its levels.

You collected 12 gold pieces.

Inventory:

Hand Weapons
 b - a +0 dagger (weapon)
Potions
 a - a potion of degeneration {unknown}
 c - a potion of lignification {unknown}


   Skills:
 + Level 1.8 Dodging
 + Level 1.9 Stealth
 + Level 2.0 Spellcasting
 + Level 4.3 Conjurations


You had 4 spell levels left.
You knew the following spells:

 Your Spells              Type           Power      Damage    Failure   Level
a - Magic Dart            Conj           68%        1d6       3%          1

Your spell library contained the following spells:

 Spells                   Type           Power      Damage    Failure   Level
 Searing Ray              Conj           34%        3d4       4%          2
 Dazzling Flash           Conj/Hex       18%        N/A       22%         3
 Fulminant Prism          Conj/Hex       4%         3d6       58%         4
 Iskenderun's Mystic Bla  Conj/Tloc      9%         2d4       58%         4


Dungeon Overview and Level Annotations

Branches:
Dungeon (1/15)

Altars:
Fedhas


Innate Abilities, Weirdness & Mutations

Your plain brown scales are hard. (AC +4)
You cannot fit into any form of body armour.
You are cold-blooded and may be slowed by cold attacks.


Message History

There's nothing to open nearby.
There's nothing to open nearby.
There's nothing to open nearby.
You enter the shallow water.
Moving in this stuff is going to be slow.
You see here 16 arrows.
c - an emerald potion You open the door.
There is an open door here.
There is an open door here.
An endoplasm comes into view.
A goblin comes into view. It is wielding a +0 club.
Found 19 stones.
The goblin shouts!
A goblin comes into view. It is wielding a +0 club.
The endoplasm freezes you.
You are frozen.
The goblin shouts!
A bat comes into view.
The endoplasm hits you. The endoplasm closely misses you.
The bat hits you but does no damage. The endoplasm barely misses you.
The bat barely misses you. The endoplasm closely misses you.
The bat hits you but does no damage. The bat misses you.
The endoplasm closely misses you. The goblin hits you but does no damage.
The bat closely misses you. The bat hits you. The endoplasm freezes you.
You are frozen.
The goblin hits you but does no damage. The bat closely misses you.
The endoplasm misses you. The goblin barely misses you.
The goblin hits you with a +0 club. The endoplasm barely misses you.
The goblin misses you. The goblin hits you but does no damage.
The bat closely misses you. The endoplasm barely misses you.
The goblin hits you with a +0 club. x2
* * * LOW HITPOINT WARNING * * *
The bat barely misses you. The bat closely misses you.
The endoplasm freezes you.
You are frozen.
You die...
Fedhas appreciates your contribution to the ecosystem.

#########.#
#.# #.#
.....#.#####.#
#.#
#...........#
#.#
#......####.#
#.# #......#
#.# #.#
#......#
#.#########.#
#......#
#...........#
#.....b#
#############
#.....@#
#....gJg......
#......######.
#......#
####.... #....
#.... #....(


You could see an endoplasm, 2 goblins and a bat.

Vanquished Creatures
  A dart slug (D:1)
  A ball python (D:1)
  3 bats (D:1)
  A jackal (D:1)
6 creatures vanquished.

Notes
Turn   | Place    | Note
-------+----------+-------------------------------------------
     0 | D:1      | MacCMillion the Draconian Conjurer began the quest for the
                  | Orb.
     0 | D:1      | Reached XP level 1. HP: 14/14 MP: 3/3
   294 | D:1      | Found a faded altar of an unknown god.
   301 | D:1      | Reached XP level 2. HP: 20/20 MP: 0/5
   309 | D:1      | Became a worshipper of Fedhas Madash
   309 | D:1      | Reached * piety under Fedhas
   430 | D:1      | Frozen to death by an endoplasm

Illustrated notes

Levels and vault maps discovered:
D:1:      evilmike_arrival_fibonacci_small, layout_basic,
          hellmonk_ecumenical_altar_pennies_from_heaven

Action                   || total
-------------------------++-------
 Cast: Magic Dart        ||    11
Armor: Skin              ||     6
Dodge: Dodged            ||    23

Table legend: (Time is in decaauts)
 A = Elapsed time spent in this place.
 B = Non-inter-level travel time spent in this place.
 C = Inter-level travel time spent in this place.
 D = Time resting spent in this place.
 E = Time spent auto-exploring this place.
 F = Levels seen in this place.
 G = Mean time per level.
                   A        B        C        D        E       F      G
               +--------+--------+--------+--------+--------+-----+--------+
         Total |    430 |    430 |      0 |      5 |    348 |   1 |  430.0 |
       Dungeon |    430 |    430 |      0 |      5 |    348 |   1 |  430.0 |
               +--------+--------+--------+--------+--------+-----+--------+

Top non-repeatable levels by time:
     D:1: 430 daAuts
